 Dungeon Crawl Stone Soup version 0.28.0-53-g5a82cb258f (webtiles) character file.

Game seed: 4763733737792591103

135 dan0san the Covered (level 5, -2/33 HPs)
             Began as a Gargoyle Fighter on June 1, 2022.
             Was an Initiate of Hepliaklqana.
             Slain by an ogre
             ... wielding a +0 giant spiked club
              (12 damage)
             ... on level 4 of the Dungeon on June 2, 2022.
             The game lasted 00:17:35 (3048 turns).

dan0san the Covered (Gargoyle Fighter)              Turns: 3048, Time: 00:17:36

Health: -2/33      AC: 13    Str: 22    XL:     5   Next: 18%
Magic:  5/5        EV:  9    Int:  8    God:    Hepliaklqana [......]
Gold:   126        SH:  4    Dex:  9    Spells: 4/4 levels left

rFire   . . .      SeeInvis .   j - +4 war axe (elec)
rCold   . . .      Faith    .   c - +0 buckler
rNeg    + . .      Spirit   .   b - +0 scale mail
rPois   ∞          Reflect  .   h - +0 helmet
rElec   +          Harm     .   (no cloak)
rCorr   .          Rampage  .   (no gloves)
Will    .....                   o - +0 pair of boots
Stlth   ..........              (no amulet)
HPRegen 0.11/turn               (no ring)
MPRegen 0.09/turn               (no ring)

@: no status effects
A: sickness immunity, AC +4, negative energy resistance 1, electricity
resistance, torment resistance 1, petrification resistance
a: Renounce Religion


You were on level 4 of the Dungeon.
You worshipped Hepliaklqana.
Hepliaklqana was noncommittal.
You visited 1 branch of the dungeon, and saw 4 of its levels.

You collected 126 gold pieces.

Inventory:

Hand Weapons
 a - a +0 flail
 e - a +0 dagger
 j - a +4 war axe of electrocution (weapon)
Missiles
 d - 29 bolts
Armour
 b - a +0 scale mail (worn)
 c - a +0 buckler (worn)
 h - a +0 helmet (worn)
 o - a +0 pair of boots (worn)
Magical Staves
 l - a staff of air
Wands
 p - a wand of polymorph (5)
 s - a wand of digging (5)
Scrolls
 f - a scroll of identify {unknown}
 i - a scroll of vulnerability {unknown}
 k - 2 scrolls of enchant armour {unknown}
 n - 2 scrolls of enchant weapon {unknown}
 t - a scroll of teleportation {unknown}
 u - a scroll of noise {unknown}
 v - a scroll of fog {unknown}
Potions
 g - a potion of magic {unknown}
 m - 2 potions of mutation {unknown}
 q - a potion of curing {unknown}
 r - a potion of flight {unknown}


   Skills:
 * Level 4.0 Fighting
 * Level 1.5(2.1) Axes
 + Level 2.5(2.8) Maces & Flails
 * Level 4.7 Armour
 + Level 3.6 Shields


You had 4 spell levels left.
You didn't know any spells.
Your spell library was empty.

Dungeon Overview and Level Annotations

Branches:
Dungeon (4/15)
 Temple: D:4-7

Altars:
Hepliaklqana

Shops:
D:3 (


Innate Abilities, Weirdness & Mutations

You are immune to sickness and miasma.
Your stone body is resilient. (AC +4)
You are immune to poison.
You resist negative energy. (rN+)
You are resistant to electric shocks. (rElec)
You are resistant to unholy torment.
You are immune to petrification.


Message History

No target in view!
v - a scroll labelled PUVVEWKYOMY A goblin comes into view.
It is wielding a +0 club.
The goblin shouts!
You barely miss the goblin.
The goblin hits you but does no damage. x2
You barely miss the goblin. You block the goblin's attack.
You closely miss the goblin.
The goblin hits you but does no damage. x2
You slash the goblin!
You kill the goblin!
Things that are here:
a +0 club; a goblin corpse You see here a +0 whip.
There is a stone staircase leading down here.
Things that are here:
a +0 club; a +0 hand axe; a +0 club
Things that are here:
a +0 dagger; a +0 robe Done exploring.
Done exploring.
You can't go down here!
You open the door.
There is an open door here.
You open the door.
There is an open door here.
There is a stone staircase leading down here.
You climb downwards.
The ogre shouts!
There is a stone staircase leading up here.
You barely miss the ogre. You block the ogre's attack.
You slash the ogre!
The ogre is severely wounded.
A giant cockroach comes into view.
The ogre hits you with a +0 giant spiked club!!
Ouch! That really hurt!
The hound skeleton closely misses you.
You are too injured to fight recklessly!
Unknown command.
The hound skeleton barely misses you.
The ogre hits you with a +0 giant spiked club!
You die...

# # .##.
## ...
###.##..
##......#
......O.#
.B....Z@#
........#
......###
......
.....
.....
.#.# ##


You could see an ogre, a giant cockroach and a hound skeleton.

Vanquished Creatures
  An orc wizard (D:3)
  2 adders (D:2)
  3 worms
  A dart slug (D:2)
  9 orcs (D:3)
  3 endoplasms
  A giant cockroach (D:2)
  5 goblins
  2 hobgoblins (D:2)
  4 jackals (D:2)
  7 kobolds
  3 quokkas
  8 ball pythons
  9 bats
  9 frilled lizards
  6 rats
73 creatures vanquished.

Vanquished Creatures (others)
  8 plants (D:3)
8 creatures vanquished.

Grand Total: 81 creatures vanquished

Notes
Turn   | Place    | Note
-------+----------+-------------------------------------------
     0 | D:1      | dan0san the Gargoyle Fighter began the quest for the Orb.
     0 | D:1      | Reached XP level 1. HP: 14/14 MP: 1/1
   145 | D:1      | Reached XP level 2. HP: 9/19 MP: 2/2
   874 | D:1      | Reached XP level 3. HP: 19/24 MP: 3/3
  1711 | D:2      | Identified the +1 robe "Tutov" {rN+}
  1792 | D:2      | Reached XP level 4. HP: 29/29 MP: 4/4
  2355 | D:3      | Reached skill level 1 in Axes
  2581 | D:3      | Reached XP level 5. HP: 29/33 MP: 5/5
  2632 | D:3      | Found Fuesor's Weapon Emporium.
  2726 | D:3      | Found a hazy altar of Hepliaklqana.
  2756 | D:3      | Became a worshipper of Hepliaklqana the Forgotten
  3045 | D:4      | Noticed an ogre
  3048 | D:4      | Slain by an ogre

Illustrated notes

Levels and vault maps discovered:
D:1:      ebering_trefoil_3fold, layout_basic
D:2:      layout_basic
D:3:      layout_rooms, mainiacjoe_overflow_paths, serial_shops,
          nicolae_shop_behind_doors, amcnicky_mini_corridor_feature,
          st_stairs_4, minmay_lizard_king
D:4:      layout_cave_pools, mainiacjoe_overflow_tiny_flanked,
          mainiacjoe_overflow_24_doors

Skill      XL: |  1  2  3  4  5 |
---------------+----------------+-----
Armour         | 4 |  4.7
Axes           | 1 |  1.5
Fighting       | 4 |  4.0
Maces & Flails | |  2.5
Shields        | |  3.6

Action                   |  1- 3 |  4- 6 || total
-------------------------+-------+-------++-------
Melee: Flail             |   121 |       ||   121
       War axe           |    30 |    66 ||    96
  Use: Potion            |     1 |       ||     1
Armor: Scale mail        |    98 |    38 ||   136
Dodge: Dodged            |    69 |    30 ||    99
Block: Buckler           |    36 |    14 ||    50
